 Dungeon Crawl Stone Soup version 0.23-a0-344-ge122d05 (webtiles) character file.

183496 aurelian the Black Belt (level 17, -8/161 HPs)
             Began as a Black Draconian Ice Elementalist on Oct 16, 2018.
             Was the Champion of Ru.
             Killed themself with a badly aimed orb of electricity (9 damage)
             ... on level 2 of the Vaults on Oct 19, 2018.
             The game lasted 02:53:41 (72354 turns).

aurelian the Black Belt (DrIE)                     Turns: 72354, Time: 02:53:42

Health: -8/161     AC: 16    Str: 11    XL:     17   Next: 37%
Magic:  21/24      EV: 19    Int: 18    God:    Ru [******]
Gold:   1117       SH:  0    Dex: 13    Spells: 18/30 levels left

rFire    . . .     SeeInvis +     - Unarmed
rCold    . . .     Gourm    .   (shield unavailable)
rNeg     . . .     Faith    .   (armour unavailable)
rPois    .         Spirit   .   E - +2 hat
rElec    +         Reflect  .   s - scarf {repulsion}
rCorr    .         Harm     .   w - +1 pair of gloves
MR       +++..     Rnd*Rage +   O - +2 pair of boots {run}
Stlth    ++........             M - necklace of Bloodlust {*Rage +Rage MR++ Int-3 Slay+6 *Curse} (curse)
HPRegen  0.36/turn              (ring unavailable)
MPRegen  0.19/turn              G - ring of see invisible

@: exhausted, about to teleport, no potions, berserk cooldown, flying, repel
missiles, quick
A: breathe lightning, unfitting armour, big wings, low mp 1, screaming 1,
electricity resistance, cold-blooded, inability to drink while threatened,
missing a hand, inexperienced 1, AC +9
}: 1/15 runes: gossamer
a: Breathe Lightning, Stop Flying, Draw Out Power, Power Leap, Apocalypse,
Renounce Religion, Evoke Berserk Rage


You were on level 2 of the Vaults.
You worshipped Ru.
Ru was exalted by your worship.
You were not hungry.

You visited 5 branches of the dungeon, and saw 29 of its levels.

You collected 3304 gold pieces.
You spent 2187 gold pieces at shops.

Inventory:

Hand Weapons
 R - a +0 blowgun
Missiles
 e - 830 stones (quivered)
 z - 6 throwing nets
 S - 14 curare-tipped needles
Armour
 s - a scarf of repulsion (worn)
 w - a +1 pair of gloves (worn)
 E - a +2 hat (worn)
 O - a +2 pair of boots of running (worn)
Magical Staves
 Q - an uncursed staff of energy
Jewellery
 d - an uncursed ring of protection from fire
 x - an uncursed ring of positive energy
 y - an uncursed amulet of the gourmand
 F - an uncursed ring of poison resistance
 G - a ring of see invisible (right hand)
 L - an uncursed ring of protection from cold
 M - the cursed necklace of Bloodlust (around neck) {*Rage +Rage MR++ Int-3 Slay+6 *Curse}
   (You bought it in a shop on level 2 of the Orcish Mines)

   [amulet of rage]

   It affects your intelligence (-3).
   It affects your accuracy and damage with ranged weapons and melee attacks
   (+6).
   It affects your resistance to hostile enchantments.
   It lets you go berserk.
   It may make you go berserk in combat.
   It curses itself when equipped.
   It has a curse placed upon it.
 T - a +5 ring of dexterity
 Z - an uncursed ring of protection from magic
Wands
 l - a wand of polymorph (22)
 o - a wand of clouds (10)
 t - a wand of digging (14)
 v - a wand of iceblast (16)
 D - a wand of disintegration (23)
 J - a wand of acid (20)
 K - a wand of flame (19)
 V - a wand of paralysis (13)
Scrolls
 c - 7 scrolls of amnesia
 g - 15 scrolls of remove curse
 i - 11 scrolls of teleportation
 j - 10 scrolls of identify
 q - 4 scrolls of enchant weapon
 r - 6 scrolls of magic mapping
 u - 3 scrolls of immolation
 C - 3 scrolls of enchant armour
 N - 5 scrolls of fog
Potions
 a - a potion of resistance
 f - 15 potions of curing
 k - 7 potions of might
 m - 3 potions of heal wounds
 n - 3 potions of mutation
 p - 4 potions of invisibility
 A - 2 potions of haste
 B - 4 potions of ambrosia
 H - 2 potions of brilliance
 I - 2 potions of agility
 U - a potion of magic
 W - 2 potions of berserk rage
Miscellaneous
 P - a phial of floods
Comestibles
 b - 19 rations
 X - 4 chunks of flesh


   Skills:
 + Level 17.0 Fighting
 + Level 11.9 Dodging
 - Level 1.7 Stealth
 * Level 19.5 Unarmed Combat
 - Level 7.0 Spellcasting
 - Level 2.0 Conjurations
 - Level 5.0 Summonings
 - Level 10.1 Ice Magic


You had 18 spell levels left.
You knew the following spells:

 Your Spells              Type           Power        Failure   Level  Hunger
a - Freeze                Ice            ####         1%          1    None
b - Throw Frost           Conj/Ice       ####..       1%          2    None
c - Summon Ice Beast      Ice/Summ       ####....     4%          4    ####...
d - Passwall              Tmut/Erth      #.......     16%         2    None
e - Ozocubu's Armour      Chrm/Ice       ###.....     4%          3    ##.....

Your spell library contained the following spells:

 Spells                   Type           Power        Failure   Level  Hunger
 Ensorcelled Hibernation  Hex/Ice        ###...       1%          2    None
 Magic Dart               Conj           ##..         4%          1    None
 Shock                    Conj/Air       #...         7%          1    None
 Sting                    Conj/Pois      #...         7%          1    None
 Searing Ray              Conj           ##....       7%          2    None
 Throw Icicle             Conj/Ice       ####....     9%          4    ####...
 Corona                   Hex            #......      11%         1    None
 Sandblast                Erth           #.....       11%         1    None
 Poisonous Vapours        Pois/Air       #.....       16%         2    None
 Swiftness                Chrm/Air       #.......     16%         2    None
 Conjure Flame            Conj/Fire      #.......     22%         3    ##.....
 Dazzling Spray           Conj/Hex       #.....       22%         3    ##.....
 Static Discharge         Conj/Air       #.......     22%         3    ##.....
 Stone Arrow              Conj/Erth      #.....       22%         3    ##.....
 Mephitic Cloud           Conj/Pois/Air  #.......     24%         3    ##.....
 Confuse                  Hex            #.......     32%         3    ##.....
 Tukima's Dance           Hex            #.......     32%         3    ##.....
 Iskenderun's Mystic Bla  Conj           ##......     43%         4    ####...
 Force Lance              Conj/Tloc      #.......     56%         4    ####...
 Fulminant Prism          Conj/Hex       #.........   56%         4    ####...
 Airstrike                Air            #.........   71%         4    ####...
 Leda's Liquefaction      Hex/Erth       #.........   71%         4    ####...
 Olgreb's Toxic Radiance  Pois           #.......     71%         4    ####...
 Petrify                  Tmut/Erth      #.......     71%         4    ####...
 Lightning Bolt           Conj/Air       #.........   89%         5    #####..
 Venom Bolt               Conj/Pois      #.........   89%         5    #####..
 Shadow Creatures         Summ           N/A          91%         6    #######
 Bolt of Magma            Conj/Fire/Erth #.........   92%         5    #####..
 Borgnjor's Vile Clutch   Necr/Erth      #.........   96%         5    #####..
 Lee's Rapid Deconstruct  Erth           #.........   96%         5    #####..
 Silence                  Hex/Air        #.........   96%         5    #####..
 Freezing Cloud           Conj/Ice/Air   ###.......   97%         6    #######
 Darkness                 Hex            #.........   100%        6    #######
 Iron Shot                Conj/Erth      #.........   100%        6    #######
 Statue Form              Tmut/Erth      #........    100%        6    #######
 Ring of Flames           Chrm/Fire      #.........   100%        7    #######
 Shatter                  Erth           #.........   100%        9    #######


Dungeon Overview and Level Annotations

Branches:
Dungeon (15/15)            Temple (0/1) D:4            Lair (6/6) D:9
 Shoals (0/4) Lair:4       Spider (4/4) Lair:3        Slime (0/5) Lair:6
    Orc (2/2) D:9             Elf (0/3) Orc:2        Vaults (2/5) D:14
 Depths (0/5) D:15
  Crypt: Vaults:2-3

Altars:
Ashenzari
Cheibriados
Dithmenos
Elyvilon
Hepliaklqana
Kikubaaqudgha
Makhleb
Nemelex Xobeh
Okawaru
Ru
Sif Muna
Uskayaw
Beogh
Jiyva

Shops:
D:6 *   D:8 =   D:10 ?   Orc:2 ?=%*

Annotations:
D:3 exclusions: downstairs and upstairs
D:12 Fannar
D:15 Roxanne
Lair:6 2 runed doors
Spider:4 Agnes
Vaults:2 Nikola


Innate Abilities, Weirdness & Mutations

You can breathe wild blasts of lightning.
Your glossy black scales are hard. (AC +9)
You cannot fit into any form of body armour.
Your large and strong wings let you fly indefinitely.
Your magical capacity is low. (-10% MP)
You occasionally shout uncontrollably at your foes.
You are resistant to electric shocks. (rElec)
You are cold-blooded and may be slowed by cold attacks.
You cannot drink potions while threatened.
You are missing a hand.
You are somewhat inexperienced. (-2 XL)


Message History

The ogre mage hits you but does no damage.
You redirect the rakshasa's attack!
The two-headed ogre barely misses you.
The two-headed ogre hits you with a +0 giant spiked club!!
* * * LOW HITPOINT WARNING * * *
You focus your will and paralyse the two-headed ogre in retribution!
The rakshasa hits your orc knight but does no damage.
Your orc knight hits the ogre with a glowing great mace!
The two-headed ogre misses you. The two-headed ogre closely misses you.
Unknown command.
Okay, then.
You breathe a wild blast of lightning!
The orb of electricity explodes!
The orb of electricity engulfs the two-headed ogre.
The two-headed ogre is heavily wounded.
The orb of electricity engulfs the ogre mage.
The ogre mage is moderately wounded.
The orb of electricity engulfs the ogre.
The ogre is lightly wounded.
The orb of electricity engulfs you! You resist.
You die...

##.## #zo.# #@T)#
######(Rp##
##########.........#
#........#.....ORo.#
#.......O'.O..OOOR.#
#........#...OpuO..+
#........#...OO@R..#
#........#.....O...#
.#........###########
.#........#
.#........#
.+........#
.#........#
.#........#
##..^.....+


You could see Nikola, a white very ugly thing, 4 rakshasas, a skeletal warrior,
2 two-headed ogres, 4 ogre magi, a vault sentinel, 5 ogres, a friendly orc
knight, a friendly ironbrand convoker, a friendly troll and a friendly orc.

Vanquished Creatures
  Kirke (Spider:3)
  A deep elf sorcerer (Vaults:1)
  A ghost moth (shapeshifter) (Vaults:1)
  A vault warden (Vaults:1)
  3 ghost moths (Spider:3)
  4 emperor scorpions
  2 ironheart preservers (Vaults:1)
  An entropy weaver (Spider:3)
  A spark wasp (Spider:4)
  An ettin (D:9)
  2 yaktaur captains
  5 ogre magi
  Harold (D:8)
  2 hydras
  3 vault guards (D:14)
  A catoblepas (Lair:6)
  12 two-headed ogres
  2 centaur warriors
  A vampire mage (D:15)
  A deep elf knight (Vaults:1)
  3 orc high priests
  A titan skeleton (D:15)
  4 skeletal warriors
  6 unseen horrors
  A flayed ghost (Vaults:1)
  A deep elf archer (Vaults:1)
  2 wizards
  2 ironbrand convokers (Vaults:1)
  9 orc knights
  25 orb spiders
  2 necromancers
  23 ugly things
  8 orc sorcerers
  40 wolf spiders
  2 cyclopes
  5 deep elf magi
  2 elephants (Lair:5)
  A fire giant skeleton (D:15)
  3 centaur zombies
  A stone giant skeleton (D:15)
  A vault sentinel (Vaults:2)
  2 torpor snails
  4 black mambas
  6 spiny frogs
  A molten gargoyle (Lair:6)
  3 gargoyles
  A rime drake (Lair:3)
  12 yaktaurs
  A kobold demonologist (D:14)
  3 komodo dragons
  14 demonic crawlers
  A guardian mummy (D:15)
  2 efreet
  6 trolls
  34 jumping spiders
  2 hornets
  A queen bee (shapeshifter) (D:15)
  3 blink frogs (Lair:1)
  4 hippogriffs
  27 tarantellas
  58 redbacks
  3 vampires
  31 yaks
  2 wyverns (Lair:6)
  A spriggan (D:8)
  A wraith (D:14)
  6 basilisks
  6 hogs
  18 humans (D:14)
  A steam dragon (D:11)
  3 hungry ghosts
  3 vampire mosquitoes (D:13)
  4 wargs
  A hell hound (Lair:6)
  5 water moccasins
  An acid dragon (D:12)
  3 ice beasts
  14 porcupines
  30 orc warriors
  3 sky beasts
  A black bear (D:11)
  An eye of draining (Lair:2)
  18 ogres
  A hornet zombie (D:6)
  3 phantoms
  5 boggarts (Vaults:1)
  9 wolves
  12 centaurs
  10 crocodiles
  A yaktaur zombie (D:15)
  A big kobold (D:11)
  A gnoll sergeant (Orc:2)
  9 bullfrogs
  7 scorpions
  8 wights
  13 killer bees
  2 electric eels (D:8)
  3 howler monkeys
  A vampire bat (D:4)
  5 crimson imps
  4 lava snakes (Lair:6)
  4 jellies
  3 quasits
  3 bullfrog zombies
  10 hounds
  31 orc priests
  3 centaur skeletons
  7 iguanas
  28 orc wizards
  14 worker ants
  3 hound zombies
  3 hound skeletons
  A worker ant zombie (D:11)
  13 adders
  9 gnolls
  2 howler monkey skeletons
  10 shadow imps
  An ooze (D:3)
  2 adder zombies
  3 adder skeletons
  A worm (D:2)
  3 dart slugs
  5 leopard geckos
  97 orcs
  2 bat skeletons (D:4)
  3 bat zombies (D:4)
  5 giant cockroaches
  2 goblins (D:3)
  3 hobgoblins
  8 jackals
  4 quokkas
  8 bats
  4 frilled lizards
  9 kobolds
  A leopard gecko skeleton (D:2)
  A quokka skeleton (D:4)
  4 rats
934 creatures vanquished.

Vanquished Creatures (collateral kills)
  Arachne (Spider:3)
  An iron giant (shapeshifter) (Vaults:1)
  Gastronok (Lair:1)
  An ettin (Vaults:2)
  4 hydras
  A centaur warrior (D:11)
  6 two-headed ogres
  An orc high priest (Orc:2)
  A fire crab (Lair:6)
  2 orc knights (Orc:2)
  A deep elf mage (D:13)
  An elephant (Lair:5)
  2 molten gargoyles (Lair:6)
  4 black mambas
  A vault sentinel (Vaults:2)
  A torpor snail (Lair:1)
  3 spiny frogs
  3 komodo dragons
  3 trolls
  A hornet (Spider:4)
  2 jumping spiders
  A blink frog (Lair:1)
  A hippogriff (Lair:5)
  2 wyverns
  11 yaks
  2 steam dragons (Lair:6)
  Grum (D:11)
  3 hungry ghosts
  2 hell hounds (Lair:6)
  A porcupine (Lair:3)
  8 orc warriors
  2 sky beasts
  An eye of draining (D:12)
  8 ogres
  4 centaurs (D:11)
  A necrophage (D:11)
  2 crocodiles (D:9)
  A big kobold (D:8)
  A bullfrog (D:13)
  2 gnoll sergeants
  9 killer bees (D:11)
  11 wights
  A centaur zombie (D:10)
  A lava snake (Lair:6)
  3 orc priests
  A hound (D:11)
  An orc wizard (D:9)
  2 gnolls (D:13)
  27 orcs
  2 jackals (D:10)
  6 kobolds
159 creatures vanquished.

Vanquished Creatures (others)
  A vault guard (D:14)
  2 wolf spiders
  A cyclops (D:11)
  A yaktaur (Vaults:1)
  A jumping spider (Spider:4)
  A hornet (Spider:4)
  A harpy skeleton (D:15)
  A tarantella (Spider:3)
  A human (Spider:4)
  A wyvern (D:9)
  3 redbacks (Spider:2)
  A hell hound (Lair:6)
  2 orc warriors (D:9)
  2 ogres (Vaults:2)
  2 centaurs (D:15)
  2 bullfrogs
  A killer bee (D:11)
  2 orc priests
  4 orcs
  2 kobolds (D:11)
  3 fungi
  A plant (D:9)
  A withered plant (D:15)
37 creatures vanquished.

Grand Total: 1130 creatures vanquished

Notes
Turn   | Place    | Note
-------+----------+-------------------------------------------
     0 | D:1      | aurelian the Draconian Ice Elementalist began the quest for
                  | the Orb.
     0 | D:1      | Reached XP level 1. HP: 14/14 MP: 3/3
   326 | D:1      | Reached skill level 1 in Fighting
   430 | D:1      | Reached XP level 2. HP: 19/23 MP: 0/5
   485 | D:1      | Learned a level 2 spell: Throw Frost
   845 | D:2      | Found a sacrificial altar of Ru.
   848 | D:2      | Became a worshipper of Ru the Awakened
  1303 | D:2      | Reached XP level 3. HP: 29/29 MP: 2/6
  2403 | D:3      | Reached XP level 4. HP: 37/37 MP: 2/7
  2841 | D:3      | Noticed a phantom
  3006 | D:3      | Learned a level 4 spell: Summon Ice Beast
  3300 | D:3      | Reached skill level 1 in Summonings
  3300 | D:3      | Reached XP level 5. HP: 41/45 MP: 0/8
  3401 | D:3      | Gained mutation: You are somewhat inexperienced. (-2 XL)
                  | [Ru sacrifice]
  3401 | D:3      | Reached XP level 4. HP: 38/38 MP: 7/7
  3401 | D:3      | Reached XP level 3. HP: 31/31 MP: 6/6
  3401 | D:3      | Reached * piety under Ru
  3401 | D:3      | Reached ** piety under Ru
  3630 | D:4      | Noticed a scorpion
  3850 | D:4      | Noticed a scorpion
  3888 | D:3      | Reached XP level 4. HP: 37/38 MP: 0/7
  4168 | D:4      | Reached XP level 5. HP: 45/45 MP: 5/9
  4396 | D:4      | Found a staircase to the Ecumenical Temple.
  4572 | D:4      | Reached XP level 6. HP: 52/52 MP: 6/10
  4702 | D:4      | Reached skill level 5 in Ice Magic
  5060 | D:4      | Found an ancient bone altar of Kikubaaqudgha.
  5232 | D:5      | Entered Level 5 of the Dungeon
  5418 | D:4      | Your scales start taking on a glossy black colour.
  5418 | D:4      | Reached XP level 7. HP: 43/60 MP: 7/11
  5418 | D:4      | Gained mutation: You are resistant to electric shocks.
                  | (rElec) [Black Draconian growth]
  5698 | D:5      | Reached skill level 5 in Fighting
  6305 | D:5      | Found a shattered altar of Ashenzari.
  6515 | D:5      | Gained mutation: You occasionally shout uncontrollably at
                  | your foes. [Ru sacrifice]
  7117 | D:6      | Reached XP level 8. HP: 16/68 MP: 7/12
  7367 | D:6      | Found a snail-covered altar of Cheibriados.
  7367 | D:6      | Found a hide-covered altar of Uskayaw.
  7368 | D:6      | Found a burning altar of Makhleb.
  7504 | D:6      | Upgraded the game from 0.23-a0-332-g9fe5f10 to
                  | 0.23-a0-333-g006994f
  7677 | D:6      | Reached skill level 5 in Summonings
  7762 | D:6      | Found Soiggump's General Store.
  7765 | D:6      | Bought an uncursed ring of poison resistance for 260 gold
                  | pieces
  8018 | D:6      | Found a white marble altar of Elyvilon.
  8020 | D:6      | Found a hazy altar of Hepliaklqana.
  9242 | D:7      | Found a sparkling altar of Nemelex Xobeh.
  9683 | D:8      | Reached XP level 9. HP: 54/75 MP: 2/14
  9693 | D:8      | Gained mutation: You are missing a hand. [Ru sacrifice]
  9693 | D:8      | Reached *** piety under Ru
  9693 | D:8      | Reached **** piety under Ru
  9693 | D:8      | Reached ***** piety under Ru
 10669 | D:8      | Found Vichigewn's Jewellery Emporium.
 10955 | D:8      | Reached skill level 5 in Dodging
 11067 | D:9      | Noticed Harold
 11152 | D:9      | Noticed a troll
 11170 | D:8      | Killed Harold
 11407 | D:8      | Killed a troll
 11527 | D:9      | Noticed a troll
 11695 | D:8      | Killed a troll
 11703 | D:8      | Reached XP level 10. HP: 50/86 MP: 0/16
 12405 | D:9      | Found a staircase to the Orcish Mines.
 12483 | D:9      | Found a roughly hewn altar of Beogh.
 12512 | D:9      | Reached skill level 10 in Ice Magic
 12951 | D:9      | Reached skill level 1 in Unarmed Combat
 12966 | D:9      | Found a deep blue altar of Sif Muna.
 13000 | D:9      | Found a staircase to the Lair.
 13198 | D:9      | Reached skill level 2 in Unarmed Combat
 13517 | D:9      | Reached skill level 3 in Unarmed Combat
 13913 | D:9      | Reached skill level 4 in Unarmed Combat
 14290 | D:9      | Gained mutation: You cannot drink potions while threatened.
                  | [Ru sacrifice]
 14822 | D:10     | Entered Level 10 of the Dungeon
 14824 | D:10     | Found Uden Ycs's Magic Scroll Boutique.
 14837 | D:10     | Reached skill level 5 in Unarmed Combat
 15428 | D:10     | Noticed a purple ugly thing
 15449 | D:10     | Killed a purple ugly thing
 15716 | D:10     | Reached skill level 6 in Unarmed Combat
 15717 | D:10     | Reached XP level 11. HP: 91/97 MP: 1/17
 16322 | D:10     | Found a roughly hewn altar of Beogh.
 16679 | D:11     | Reached skill level 7 in Unarmed Combat
 16798 | D:11     | Noticed a two-headed ogre
 17093 | D:11     | Noticed a two-headed ogre
 17100 | D:11     | Killed a two-headed ogre
 17179 | D:11     | Noticed an orc knight
 17421 | D:11     | Killed an orc knight
 17521 | D:11     | Noticed a centaur warrior
 17536 | D:11     | Killed a centaur warrior
 17536 | D:11     | Reached skill level 10 in Fighting
 17950 | D:11     | Found a roughly hewn altar of Beogh.
 18087 | D:11     | Reached skill level 8 in Unarmed Combat
 18457 | D:11     | Noticed an unseen horror
 18466 | D:11     | Killed an unseen horror
 18773 | D:11     | Reached skill level 9 in Unarmed Combat
 19237 | D:11     | Noticed Grum
 19260 | D:11     | Killed Grum
 19729 | D:11     | Killed a two-headed ogre
 20427 | Lair:1   | Entered Level 1 of the Lair of Beasts
 20452 | Lair:1   | Noticed Gastronok
 20466 | Lair:1   | Killed Gastronok
 20466 | Lair:1   | Reached skill level 10 in Unarmed Combat
 20732 | Lair:1   | Gained mutation: Your magical capacity is low. (-10% MP)
                  | [Ru sacrifice]
 20732 | Lair:1   | Reached ****** piety under Ru
 20947 | Lair:1   | Reached XP level 12. HP: 110/110 MP: 8/16
 21753 | Lair:2   | Noticed Sonja
 21756 | Lair:2   | Noticed Sonja
 21756 | Lair:2   | Sonja changed into Sonja the eye of draining
 21761 | Lair:2   | Killed Sonja the eye of draining
 22221 | Lair:1   | Reached skill level 11 in Unarmed Combat
 24047 | Lair:2   | Reached skill level 12 in Unarmed Combat
 24513 | Lair:3   | Noticed a four-headed hydra
 24523 | Lair:3   | Killed a four-headed hydra
 24684 | Lair:3   | Noticed a five-headed hydra
 24692 | Lair:3   | Killed a five-headed hydra
 25207 | Lair:3   | Found a hole to the Spider Nest.
 26293 | Lair:3   | Identified a scroll of acquirement
 26300 | Lair:3   | Identified a +0 pair of boots of running (You acquired it
                  | on level 3 of the Lair of Beasts)
 26645 | Lair:4   | Noticed a four-headed hydra
 26652 | Lair:4   | Killed a four-headed hydra
 27190 | Lair:4   | Noticed a seven-headed hydra
 27207 | Lair:4   | Killed a seven-headed hydra
 27207 | Lair:4   | Reached skill level 13 in Unarmed Combat
 27207 | Lair:4   | Reached XP level 13. HP: 67/119 MP: 1/17
 27496 | Lair:4   | Found a staircase to the Shoals.
 27750 | Lair:5   | Upgraded the game from 0.23-a0-333-g006994f to
                  | 0.23-a0-336-g43d87f4
 28781 | Lair:6   | Entered Level 6 of the Lair of Beasts
 29188 | Lair:6   | Found a viscous altar of Jiyva.
 29189 | Lair:6   | Found a staircase to the Slime Pits.
 30009 | Lair:6   | Noticed a fire dragon
 30937 | Lair:6   | Reached skill level 14 in Unarmed Combat
 31169 | Lair:6   | Found a large runed door.
 31170 | Lair:6   | Found a large runed door.
 31375 | D:12     | Noticed Fannar
 34878 | D:14     | Found a shadowy altar of Dithmenos.
 34994 | D:14     | Identified the +2 leather armour of the Fife {rElec rPois
                  | Slay+3}
 35515 | D:14     | Gained mutation: Your large and strong wings let you fly
                  | indefinitely. [Black Draconian growth]
 35515 | D:14     | Reached XP level 14. HP: 116/130 MP: 12/18
 35630 | D:14     | Reached skill level 15 in Unarmed Combat
 36702 | D:14     | Found a gate to the Vaults.
 36877 | D:15     | Entered Level 15 of the Dungeon
 38800 | D:15     | Identified Roxanne's Grimoire of Transformation
 38800 | D:15     | Noticed Roxanne
 39944 | D:15     | Found a staircase to the Depths.
 40259 | D:15     | Reached skill level 5 in Spellcasting
 40983 | Orc:1    | Entered Level 1 of the Orcish Mines
 42351 | D:9      | Reached skill level 16 in Unarmed Combat
 42722 | Orc:1    | Found a roughly hewn altar of Beogh.
 42738 | Orc:1    | You are sucked into a shaft!
 42738 | Orc:2    | Entered Level 2 of the Orcish Mines
 43264 | Orc:1    | Found an iron altar of Okawaru.
 44076 | Orc:2    | Found a staircase to the Elven Halls.
 44845 | Orc:2    | Found Kywill's Assorted Antiques.
 45071 | Orc:2    | Found a staircase to the Elven Halls.
 45930 | Orc:2    | Reached XP level 15. HP: 102/139 MP: 10/21
 46410 | Orc:2    | Found Kywill's Assorted Antiques.
 46413 | Orc:2    | Found Hicwular's Jewellery Shop.
 46419 | Orc:2    | Found Naoheso's Magic Scroll Shop.
 46430 | Orc:2    | Found Tufiji's Food Emporium.
 46436 | Orc:2    | Bought a scroll of identify for 30 gold pieces
 46436 | Orc:2    | Bought a scroll of identify for 30 gold pieces
 46436 | Orc:2    | Bought a scroll of identify for 30 gold pieces
 46436 | Orc:2    | Bought a scroll of identify for 30 gold pieces
 46436 | Orc:2    | Bought a scroll of identify for 30 gold pieces
 46436 | Orc:2    | Bought a scroll of identify for 30 gold pieces
 46436 | Orc:2    | Bought a scroll of teleportation for 45 gold pieces
 46575 | Orc:2    | Bought an uncursed amulet of the gourmand for 390 gold
                  | pieces
 46578 | Orc:2    | Bought an embroidered hat for 182 gold pieces
 46578 | Orc:2    | Bought a wand of acid (11) for 208 gold pieces
 46578 | Orc:2    | Bought a lumpy dark potion for 23 gold pieces
 46764 | Spider:1 | Entered Level 1 of the Spider Nest
 47795 | Spider:1 | Learned a level 2 spell: Passwall
 47799 | Spider:1 | Learned a level 3 spell: Ozocubu's Armour
 47799 | Spider:1 | Upgraded the game from 0.23-a0-336-g43d87f4 to
                  | 0.23-a0-338-g8ff0b24
 48652 | Spider:1 | Reached skill level 15 in Fighting
 51592 | Spider:1 | Upgraded the game from 0.23-a0-338-g8ff0b24 to
                  | 0.23-a0-344-ge122d05
 52679 | Spider:2 | Reached skill level 17 in Unarmed Combat
 56592 | Spider:2 | Reached skill level 10 in Dodging
 56878 | Spider:3 | Noticed Arachne
 56933 | Spider:3 | Killed Arachne
 57448 | Spider:4 | Entered Level 4 of the Spider Nest
 58001 | Spider:3 | Reached XP level 16. HP: 85/150 MP: 23/23
 60785 | Spider:4 | Reached skill level 18 in Unarmed Combat
 62725 | Spider:4 | Noticed Kirke
 62920 | Spider:3 | Killed Kirke
 66595 | Spider:4 | Got a gossamer rune of Zot
 66706 | Spider:4 | Noticed Agnes
 67138 | Orc:2    | Bought the cursed necklace of Bloodlust {*Rage +Rage MR++
                  | Int-3 Slay+6 *Curse} for 899 gold pieces
 67138 | Orc:2    | Found the cursed necklace of Bloodlust {*Rage +Rage MR++
                  | Int-3 Slay+6 *Curse}
 67372 | Vaults:1 | Entered Level 1 of the Vaults
 69686 | Vaults:1 | Reached skill level 19 in Unarmed Combat
 69840 | Vaults:1 | Reached XP level 17. HP: 159/160 MP: 24/24
 70881 | Vaults:1 | Noticed an iron giant
 70905 | Vaults:1 | Killed an iron giant
 72335 | Vaults:2 | Noticed Nikola
 72353 | Vaults:2 | HP: 1/161 [two-headed ogre/+0 giant spiked club (21)]
 72354 | Vaults:2 | Killed themself with a badly aimed orb of electricity

Vault maps used:
D:1:      saegor_arrival_under_anarchy
D:2:      kennysheep_cluttered_room, hangedman_ru_absence
D:4:      kennysheep_vampire_church, temple_fountains
D:5:      first_ration, minmay_misc_feat_iff, nicolae_ashenzari_panopticon
D:6:      grunt_temple_overflow_open, serial_shops, kennysheep_mini
D:7:      nemelex_altar_shiori
D:8:      serial_shops, kennysheep_mini_moat, the_bakery,
          hangedman_decor_slide_cut, kennysheep_generic_room_11
D:9:      minmay_lair_entry_grove, minmay_orc_entry_temple_small, basic_altar,
          grunt_ministairs_9, minmay_misc_feat_nine_boxes, uniq_harold
D:10:     special_room, serial_shops, shop_fountains, st_stairs_3,
          david_defended_altar_orc
D:11:     uniq_grum
D:12:     uniq_fannar
D:13:     hangedman_abyss_or_decor_stagger
D:14:     grunt_vaults_entry_tiered, small_statue_alley_a,
          eino_small_chamber_without_monster,
          nicolae_dithmenos_through_a_glass_darkly
D:15:     gammafunk_depths_entry_grave, lemuel_another_geyser, uniq_roxanne
Lair:1:   grunt_megastairs_2, uniq_gastronok
Lair:2:   beast_lair_carwin_9, serial_bayou_shore_b, uniq_sonja
Lair:3:   spider_nest_entry_funnel_web
Lair:4:   elwin_shoals_entry_rocks
Lair:6:   cheibrodos_lair_end_hotspot, slime_altar_1, st_stairs_13
Spider:2: nicolae_spider_cling_ruins
Spider:3: uniq_arachne
Spider:4: grunt_spider_rune_island, uniq_agnes, uniq_kirke
Orc:1:    basic_altar, okawaru_metal_pillars_1_2
Orc:2:    st_orc_elflike
Vaults:1: ontoclasm_vaults_eye, v_misc_24, vaults_mumra_hex
Vaults:2: nicolae_vaults_murderbox, vaults_mumra_chevron_long,
          hangedman_vaults_corner_blocks, v_misc_17, nicolae_vaults_theta,
          v_pattern_5, vaults_room_hallway, nicolae_vaults_network_s, v_misc_19,
          v_misc_3, v_misc_25, v_alt_pattern_5, v_alt_pattern_2, uniq_nikola

Skill      XL: |  1  2  3  4  5  6  7  8  9 10 11 12 13 14 15 16 17 |
---------------+----------------------------------------------------+-----
Fighting       | 1 2 3 4 5 6 7 9 11 12 13 14 15 16 17 | 17.0
Conjurations   | 2 |  2.0
Ice Magic      | 4 5 6 7 9 10 | 10.1
Summonings     | 1 2 3 4 5 |  5.0
Spellcasting   | 3 4 5 7 |  7.0
Dodging        | 2 4 5 6 7 8 10 11 | 11.9
Unarmed Combat | 6 10 13 14 16 17 19 | 19.5
Stealth        | |  1.7

Action                   |  1- 3 |  4- 6 |  7- 9 | 10-12 | 13-15 | 16-18 || total
-------------------------+-------+-------+-------+-------+-------+-------++-------
Melee: Unarmed           |    17 |     4 |       |   401 |  2061 |   988 ||  3471
       Tailslap          |     1 |     5 |    25 |    67 |   260 |   122 ||   480
       Falchion          |       |    27 |    95 |       |       |       ||   122
       War axe           |       |       |   145 |   244 |       |       ||   389
Throw: Stone             |    14 |     6 |     2 |     1 |    18 |    32 ||    73
 Cast: Freeze            |    74 |    95 |   107 |   321 |   105 |       ||   702
       Throw Frost       |     1 |     2 |       |       |     2 |       ||     5
       Summon Ice Beast  |       |       |    31 |   132 |   127 |    35 ||   325
Invok: Sacrifice Experie |     1 |       |       |       |       |       ||     1
       Sacrifice Purity  |       |       |     1 |       |       |       ||     1
       Sacrifice a Hand  |       |       |     1 |       |       |       ||     1
       Sacrifice Drink   |       |       |       |     1 |       |       ||     1
       Sacrifice Essence |       |       |       |     1 |       |       ||     1
       Power Leap        |       |       |       |       |     2 |     1 ||     3
       Draw Out Power    |       |       |       |       |     1 |     3 ||     4
       Apocalypse        |       |       |       |       |     1 |       ||     1
 Abil: Breathe Lightning |       |       |     2 |     5 |    10 |     3 ||    20
       Fly               |       |       |       |       |     1 |       ||     1
Evoke: Wand              |       |       |       |     8 |     4 |       ||    12
  Use: Scroll            |       |     4 |    11 |     8 |    18 |     5 ||    46
       Potion            |       |       |     1 |       |     2 |     3 ||     6
 Stab: Sleeping          |     1 |     1 |     1 |     2 |     5 |     1 ||    11
       Invisible         |       |     1 |     1 |     3 |    28 |    29 ||    62
       Distracted        |       |       |     2 |     4 |    22 |     9 ||    37
       Paralysed         |       |       |       |     3 |    39 |     6 ||    48
       Petrified         |       |       |       |       |     1 |       ||     1
  Eat: Chunk             |     8 |     8 |    16 |    43 |    77 |    37 ||   189
       Ration            |       |       |     3 |    10 |    13 |     4 ||    30
Armor: Skin              |    19 |    59 |   165 |   248 |   581 |   287 ||  1359
Dodge: Dodged            |    41 |   100 |   297 |   643 |  1429 |   681 ||  3191
       Deflected         |       |       |       |       |    37 |     6 ||    43
       Rpst.: Falchion   |       |    19 |    34 |       |       |       ||    53

Table legend:
 A = Non-vault XP
 B = Vault XP
 C = Vault XP percentage of total XP
 D = Non-vault monster count
 E = Vault monster count
 F = Vault count percentage of total count
                 A         B        C        D         E       F
            +---------+---------+-------+---------+---------+-------
      Total |  167651 |   76099 |  31.2 |     844 |     269 |  24.2
            +---------+---------+-------+---------+---------+-------
        D:1 |      18 |       0 |   0.0 |      10 |       0 |   0.0
        D:2 |      66 |       0 |   0.0 |      16 |       0 |   0.0
        D:3 |     197 |       0 |   0.0 |      26 |       0 |   0.0
        D:4 |     630 |      65 |   9.4 |      24 |       6 |  20.0
        D:5 |     401 |       0 |   0.0 |      15 |       0 |   0.0
        D:6 |     802 |       0 |   0.0 |      27 |       0 |   0.0
        D:7 |     798 |       0 |   0.0 |      15 |       0 |   0.0
        D:8 |    1880 |    1284 |  40.6 |      43 |       8 |  15.7
        D:9 |    4473 |    1914 |  30.0 |      51 |      24 |  32.0
       D:10 |    2449 |     431 |  15.0 |      29 |      30 |  50.8
       D:11 |    6348 |    1228 |  16.2 |      65 |      29 |  30.9
       D:12 |    5163 |       0 |   0.0 |      23 |       0 |   0.0
       D:13 |    6913 |       0 |   0.0 |      27 |       0 |   0.0
       D:14 |   10641 |    8030 |  43.0 |      36 |      25 |  41.0
       D:15 |    5055 |    4033 |  44.4 |      19 |       8 |  29.6
     Lair:1 |    2609 |    2062 |  44.1 |      14 |       6 |  30.0
     Lair:2 |    4797 |    1157 |  19.4 |      25 |       7 |  21.9
     Lair:3 |    5126 |     799 |  13.5 |      18 |       4 |  18.2
     Lair:4 |    3045 |       0 |   0.0 |      12 |       0 |   0.0
     Lair:5 |    2971 |     113 |   3.7 |      12 |       1 |   7.7
     Lair:6 |    1342 |    6461 |  82.8 |       5 |      29 |  85.3
   Spider:1 |   14517 |       0 |   0.0 |      44 |       0 |   0.0
   Spider:2 |   11758 |     331 |   2.7 |      40 |       1 |   2.4
   Spider:3 |   24787 |   13016 |  34.4 |      62 |      12 |  16.2
   Spider:4 |    8534 |   13637 |  61.5 |      25 |      33 |  56.9
      Orc:1 |    5049 |       0 |   0.0 |      37 |       0 |   0.0
      Orc:2 |    2877 |    7559 |  72.4 |      48 |      25 |  34.2
   Vaults:1 |   27511 |   13979 |  33.7 |      61 |      21 |  25.6
   Vaults:2 |    6894 |       0 |   0.0 |      15 |       0 |   0.0
            +---------+---------+-------+---------+---------+-------
